 Dungeon Crawl Stone Soup version 0.31-a0-840-g6d2ecbb638 (webtiles) character file.

Game seed: 8366131393439373883

263 Ivernyr the Twirler (level 6, 0/32 HPs)
             Began as a Vine Stalker Gladiator on Sept 27, 2023.
             Was an Initiate of Wu Jian.
             Slain by a mummy (8 damage)
             ... in an ossuary.
             The game lasted 00:04:55 (2118 turns).

Ivernyr the Twirler (Vine Stalker Gladiator)        Turns: 2118, Time: 00:04:56

Health: 0/32       AC:  7    Str: 18    XL:     6   Next: 19%
Magic:  0/7        EV: 12    Int:  8    God:    Wu Jian [......]
Gold:   164        SH:  0    Dex: 16    Spells: 5/5 levels left

rFire   . . .        a - +0 quarterstaff
rCold   . . .        (shield currently unavailable)
rNeg    . . .        b - +1 ring mail {Will+}
rPois   .            c - +0 helmet
rElec   .            (no cloak)
rCorr   .            (no gloves)
SInv    .            (no boots)
Will    +....        j - amulet of the acrobat
Stlth   +            (no ring)
HPRegen 1.05/turn    (no ring)
MPRegen 0.10/turn

%: acrobat, guardian spirit
@: no status effects
A: fangs 2, regeneration 1, magic shield, antimagic bite, no potion heal 2
a: Renounce Religion


You were in an ossuary.
You worshipped Wu Jian.
Wu Jian was noncommittal.
You visited 1 branch of the dungeon, and saw 4 of its levels.
You also visited: Ossuary.

You collected 164 gold pieces.

Inventory:

Hand Weapons
 a - a +0 quarterstaff (weapon)
Missiles
 d - 3 throwing nets (quivered)
 e - a javelin
Armour
 b - a +1 ring mail of willpower (worn)
 c - a +0 helmet (worn)
 t - a +0 cloak of stealth
Jewellery
 j - an amulet of the acrobat (around neck)
Wands
 i - a wand of charming (9)
 n - a wand of flame (16)
 s - a wand of iceblast (12)
Scrolls
 g - 3 scrolls of silence {unknown}
 k - 6 scrolls of teleportation {unknown}
 l - a scroll of fog {unknown}
 o - a scroll of noise {unknown}
 q - a scroll of torment {unknown}
 r - 3 scrolls of identify {unknown}
Potions
 f - 2 potions of haste {unknown}
 h - a potion of berserk rage {unknown}
 m - 5 potions of curing {unknown}
 p - 2 potions of mutation {unknown}


   Skills:
 + Level 2.9 Fighting
 * Level 4.4 Staves
 - Level 1.7 Throwing
 + Level 1.9 Armour
 + Level 3.2 Dodging


You had 5 spell levels left.
You didn't know any spells.
Your spell library was empty.

Dungeon Overview and Level Annotations

Branches:
Dungeon (4/15)            Ossuary (1/1)
 Temple: D:4-7

Altars:
Makhleb
Sif Muna
Vehumet
Wu Jian
Xom


Innate Abilities, Weirdness & Mutations

You have extremely sharp teeth.
Your natural rate of healing is unusually fast.
When hurt, damage is shared between your health and your magic reserves.
Your bite disrupts and absorbs the magic of your enemies.
Potions cannot restore your health.


Message History

You destroy the hobgoblin zombie!
The Council accepts your kill.
You lunge at the gnoll zombie.
You hit the gnoll zombie.
You destroy the gnoll zombie!
The Council accepts your kill.
Unknown command.
The mummy attacks as it pursues you! The mummy closely misses you.
You barely miss the mummy. You sock the mummy! Your bite misses the mummy.
The mummy is moderately damaged.
You lunge at the orc zombie.
You sock the orc zombie!
You destroy the orc zombie!
The Council accepts your kill. The mummy misses you.
The mummy closely misses you.
The orc zombie hits you but does no damage.
The mummy hits you!
Unknown command.
The mummy misses you.
Unknown command.
The mummy attacks as it pursues you! The mummy misses you. The mummy hits you!
You hit the mummy.
The mummy is lightly damaged.
Unknown command.
Unknown command.
You barely miss the mummy. The mummy hits you!
* * * LOW HITPOINT WARNING * * *
Unknown command.
The mummy attacks as it pursues you! The mummy closely misses you.
There is a gate leading back out of this place here.
You sock the mummy!
The mummy is heavily damaged.
You sock the mummy! You bite the mummy. You drain its power.
You feel invigorated.
The mummy is almost destroyed.
The mummy barely misses you.
You hit the mummy but do no damage. You bite the mummy.
You destroy the mummy!
The Council accepts your kill. The mummy hits you!
You die...

#....#
#....#
#....#
#....#
#....#
#....#
#..Z.#
#.MZM#
#Z∩@M#
######


You could see 3 mummies, 2 hobgoblin zombies and an orc zombie.

Vanquished Creatures
  A crimson imp (D:3)
  An orc priest (D:4)
  An iguana (D:4)
  2 orc wizards (D:4)
  2 mummies
  6 adders
  2 dart slugs
  2 orcs
  4 endoplasms
  3 giant cockroaches
  A gnoll zombie (Ossuary)
  7 goblins
  8 hobgoblins
  5 ball pythons
  A bat (D:2)
  A hobgoblin zombie (Ossuary)
  5 kobolds
  2 kobold zombies (Ossuary)
  An orc zombie (Ossuary)
  4 rats
59 creatures vanquished.

Notes
Turn   | Place    | Note
-------+----------+-------------------------------------------
     0 | D:1      | Ivernyr the Vine Stalker Gladiator began the quest for the
                  | Orb.
     0 | D:1      | Reached XP level 1. HP: 11/11 MP: 2/2
   200 | D:1      | Reached XP level 2. HP: 11/15 MP: 1/3
   408 | D:1      | Found a faded altar of an unknown god.
   742 | D:1      | Reached skill level 3 in Staves
   813 | D:2      | Reached XP level 3. HP: 18/18 MP: 4/4
   932 | D:2      | Reached skill level 1 in Armour
  1212 | D:2      | Reached XP level 4. HP: 23/23 MP: 5/5
  1693 | D:3      | Found a burning altar of Makhleb.
  1694 | D:3      | Found a radiant altar of Vehumet.
  1697 | D:3      | Reached XP level 5. HP: 27/27 MP: 4/6
  1763 | D:3      | Found an ornate altar of the Wu Jian Council.
  1764 | D:3      | Found a shimmering blue altar of Sif Muna.
  1764 | D:3      | Found a shimmering altar of Xom.
  1771 | D:3      | Became a worshipper of the Wu Jian Council
  2002 | D:4      | Reached skill level 4 in Staves
  2027 | D:4      | Reached XP level 6. HP: 32/32 MP: 7/7
  2072 | D:4      | Found a sand-covered staircase.
  2083 | Ossuary  | Entered an ossuary
  2118 | Ossuary  | Slain by a mummy

Illustrated notes

Levels and vault maps discovered:
D:1:      beargit_arrival_diablo_church, layout_basic,
          ebering_ecumenical_altar_hall, minmay_tetromino_i2
D:2:      layout_loops_ring
D:3:      layout_basic, grunt_temple_overflow_lords_of_destruction,
          gammafunk_temple_overflow_claw, minmay_misc_feat_cross,
          minmay_three_crescents
D:4:      layout_cave_pools, kennysheep_mini, nicolae_overflow_crystal_walls,
          gup_ossuary_entry_pyramid
Ossuary:  ossuary_tomb_3

Skill      XL: |  1  2  3  4  5 |
---------------+----------------+-----
Fighting       | 2 |  2.9
Staves         | 3 4 |  4.4
Armour         | 1 |  1.9
Dodging        | 3 |  3.2
Throwing       | |  1.7

Action                     |  1- 3 |  4- 6 || total
---------------------------+-------+-------++-------
  Melee: Quarterstaff      |    53 |   100 ||   153
         Bite              |    13 |    19 ||    32
Ability: Lunge             |       |     5 ||     5
 Armour: Leather armour    |    32 |    12 ||    44
         Ring mail         |       |    43 ||    43
  Dodge: Dodged            |    37 |    65 ||   102

Table legend: (Time is in decaauts)
 A = Elapsed time spent in this place.
 B = Non-inter-level travel time spent in this place.
 C = Inter-level travel time spent in this place.
 D = Time resting spent in this place.
 E = Time spent auto-exploring this place.
 F = Levels seen in this place.
 G = Mean time per level.
                   A        B        C        D        E       F      G
               +--------+--------+--------+--------+--------+-----+--------+
         Total |   2136 |   2095 |     41 |      9 |   1585 |   5 |  427.2 |
       Dungeon |   2101 |   2060 |     41 |      9 |   1581 |   4 |  525.2 |
       Ossuary |     35 |     35 |      0 |      0 |      4 |   1 |   35.0 |
               +--------+--------+--------+--------+--------+-----+--------+

Top non-repeatable levels by time:
     D:1: 754 daAuts
     D:2: 682 daAuts
     D:3: 561 daAuts
     D:4: 102 daAuts
 Ossuary: 35 daAuts
